 Dungeon Crawl Stone Soup version 0.30-a0-304-gdc4b735fe1 (webtiles) character file.

Game seed: 17371290885058736824

1792 KennySheep the Conjurer (level 8, -6/57 HPs)
             Began as a Demigod Conjurer on Oct 21, 2022.
             Mangled by a wight
             ... wielding a +3 battleaxe
              (17 damage)
             ... on level 6 of the Dungeon.
             The game lasted 00:21:36 (5403 turns).

KennySheep the Conjurer (Demigod Conjurer)          Turns: 5403, Time: 00:21:36

Health: -6/57      AC:  4    Str:  8    XL:     8   Next: 53%
Magic:  1/18       EV: 12    Int: 31    God:
Gold:   198        SH:  0    Dex: 18    Spells: 5/16 levels left

rFire   + . .      SeeInvis .    A - +2 dagger (speed)
rCold   . . .      Faith    .    (no shield)
rNeg    . . .      Spirit   .    a - +0 robe
rPois   .          Reflect  .    c - +1 helmet {Int+3}
rElec   .          Harm     .    (no cloak)
rCorr   .          Rampage  .    (no gloves)
Will    .....                    (no boots)
Stlth   ++........               H - amulet of magic regeneration
HPRegen 0.29/turn                t - ring of protection from fire
MPRegen 0.56/turn                C - +6 ring of dexterity

@: lethally poisoned (-6 -> -8), very slightly contaminated
A: high MP 1, forlorn, divine attributes
a: no special abilities


You were on level 6 of the Dungeon.
You visited 1 branch of the dungeon, and saw 6 of its levels.

You collected 198 gold pieces.

Inventory:

Hand Weapons
 w - a +2 falchion of flaming
 A - a +2 dagger of speed (weapon)
Armour
 a - a +0 robe (worn)
 c - a +1 helmet of intelligence (worn)
Jewellery
 e - an amulet of guardian spirit
 t - a ring of protection from fire (left hand)
 C - a +6 ring of dexterity (right hand)
 D - a ring of willpower
 H - an amulet of magic regeneration (around neck)
Wands
 v - a wand of flame (6)
Scrolls
 f - a scroll of amnesia {unknown}
 h - 4 scrolls of noise
 k - a scroll of magic mapping {unknown}
 l - a scroll of poison {unknown}
 m - a scroll of blinking {unknown}
 p - a scroll of enchant armour {unknown}
 r - a scroll of enchant weapon
 u - a scroll of teleportation
 y - a scroll of fear
 z - a scroll of torment
 F - a scroll of vulnerability {unknown}
 G - a scroll of immolation {unknown}
Potions
 b - 2 potions of magic
 d - 3 potions of flight
 g - a potion of ambrosia {unknown}
 i - a potion of attraction {unknown}
 j - 2 potions of mutation
 n - 3 potions of heal wounds
 o - a potion of resistance
 q - a potion of haste
 s - a potion of cancellation
 x - a potion of curing
 B - a potion of might {unknown}
 E - a potion of berserk rage {unknown}


   Skills:
 - Level 1.7 Dodging
 - Level 1.7 Stealth
 + Level 4.9 Spellcasting
 + Level 6.6 Conjurations
 * Level 2.6 Hexes
 + Level 6.5 Translocations


You had 5 spell levels left.
You knew the following spells:

 Your Spells              Type           Power      Damage    Failure   Level
a - Magic Dart            Conj           100%       1d8       1%          1
b - Searing Ray           Conj           96%        2d7       1%          2
c - Iskenderun's Mystic   Conj/Tloc      48%        2d11      3%          4
d - Fulminant Prism       Conj/Hex       18%        3d11      9%          4

Your spell library contained the following spells:

 Spells                   Type           Power      Damage    Failure   Level
 Dazzling Flash           Conj/Hex       72%        N/A       2%          3
 Silence                  Hex/Air        7%         N/A       65%         5
 Agony                    Necr           7%         N/A       83%         5


Dungeon Overview and Level Annotations

Branches:
Dungeon (6/15)             Temple (0/1) D:4

Shops:
D:1 (   D:2 [   D:4 (?[((   D:6 (!

Annotations:
D:3 1 runed translucent door, Crazy Yiuf


Innate Abilities, Weirdness & Mutations

You have an increased reservoir of magic. (+10% MP)
You shall have no god before yourself.
Your divine heritage dramatically boosts your attributes as you level up.


Message History

You miscast Iskenderun's Mystic Blast.
You are very lightly contaminated with residual magic.
You are blasted with magical energy.
You feel sick. The bullfrog hits you.
* * * LOW HITPOINT WARNING * * *
The adder barely misses you. The bullfrog hits you.
* * * LOW HITPOINT WARNING * * *
Casting: Iskenderun's Mystic Blast (dangerous; 4% risk of failure)
Confirm with . or Enter, or press ? or * to list all spells.
You erupt in a blast of force!
The mystic blast hits the wight!
The wight is heavily damaged.
The wight is knocked back by the mystic blast.
The wight collides with the wight!
The wight is moderately damaged.
The wight is almost destroyed.
The mystic blast hits the adder!
You kill the adder!
The mystic blast hits the water moccasin!
You kill the water moccasin!
The mystic blast hits the bullfrog!
You kill the bullfrog!
The mystic blast hits the wight but does no damage.
The wight is lightly damaged.
You feel sick. The wight closely misses you.
Casting: Iskenderun's Mystic Blast (dangerous; 3% risk of failure)
Confirm with . or Enter, or press ? or * to list all spells.
You erupt in a blast of force!
The mystic blast hits the wight!
The wight is almost destroyed.
The wight is knocked back by the mystic blast.
The wight collides with the wight!
The wight is almost destroyed.
The mystic blast hits the wight but does no damage.
The wight is almost destroyed.
The mystic blast hits the wight!
The wight is almost destroyed.
The wight is knocked back by the mystic blast.
You feel sick.
You feel sick.
There is an open door here.
The wight attacks as you move away! The wight hits you with a +3 battleaxe!
You die...

...............
...............
#.............#
#...........#
#.........# ..#
#.).oz..##### #..#
#.††.z##$.. #..#
#.zz##..# ## #..# #
##@##.. .# #..##.#
#.#.## .. ......
###....## .###..#
#...#...# # .....#
#####..#.#..###.#.#
.###.#
#.....#...#.......# .#
#.# #.#..#..∩..##.#.#.#
.###)#####.##..#...#...#
#
.8.<)∩.8.#.###..#.#...##


You could see 4 wights and an orc.

Vanquished Creatures
  Grinder (D:5)
  Sigmund (D:5)
  Menkaure (D:5)
  A water moccasin (D:6)
  An ogre (D:4)
  A bullfrog (D:6)
  A gnoll sergeant (D:5)
  2 scorpions
  A wight (D:6)
  5 jellies
  5 hounds
  Jessica (D:2)
  3 orc wizards
  7 iguanas
  Terence (D:3)
  Robin (D:4)
  7 gnolls (D:5)
  8 adders
  A worm (D:3)
  2 dart slugs
  12 orcs
  4 bats
  4 endoplasms
  2 giant cockroaches
  15 goblins
  4 hobgoblins (D:4)
  2 jackals (D:5)
  3 quokkas
  5 ball pythons
  2 frilled lizards
  6 kobolds
  A rat (D:1)
111 creatures vanquished.

Notes
Turn   | Place    | Note
-------+----------+-------------------------------------------
     0 | D:1      | KennySheep the Demigod Conjurer began the quest for the
                  | Orb.
     0 | D:1      | Reached XP level 1. HP: 14/14 MP: 5/5
     2 | D:1      | Noticed an elf
     4 | D:1      | Noticed a demonspawn
     6 | D:1      | Noticed a spriggan
     7 | D:1      | Noticed a barachi
    11 | D:1      | Noticed a troll
    11 | D:1      | Noticed a gargoyle
    13 | D:1      | Noticed a demigod
    13 | D:1      | Noticed a vine stalker
    15 | D:1      | Noticed a merfolk
    17 | D:1      | Noticed a demigod
    17 | D:1      | Noticed a minotaur
    19 | D:1      | Noticed an ogre
    19 | D:1      | Noticed a dwarf
   537 | D:1      | Found Jeciareph's Antique Weapon Shoppe.
   589 | D:2      | Found Geid's Antique Armour Shop.
   617 | D:2      | Reached XP level 2. HP: 20/20 MP: 5/7
   620 | D:2      | Learned a level 2 spell: Searing Ray
   703 | D:2      | Noticed Jessica
   709 | D:2      | Killed Jessica
   710 | D:2      | Reached skill level 1 in Translocations
   710 | D:2      | Reached XP level 3. HP: 23/26 MP: 3/8
  1553 | D:2      | Reached XP level 4. HP: 33/33 MP: 1/10
  1627 | D:2      | Learned a level 4 spell: Iskenderun's Mystic Blast
  2019 | D:3      | Noticed Terence
  2024 | D:3      | Killed Terence
  2348 | D:3      | Found a runed translucent door.
  2349 | D:3      | Noticed Crazy Yiuf
  2386 | D:4      | Reached XP level 5. HP: 38/38 MP: 4/11
  2502 | D:4      | Found Vegh's Magic Scroll Shop.
  2610 | D:4      | Found a staircase to the Ecumenical Temple.
  2700 | D:4      | Found Ysocunui's Antique Armour Emporium.
  2708 | D:4      | Noticed an ogre
  2718 | D:4      | Killed an ogre
  2719 | D:4      | Reached skill level 5 in Conjurations
  2719 | D:4      | Reached XP level 6. HP: 41/45 MP: 0/13
  2855 | D:4      | Found Udgham's Weapon Emporium.
  2861 | D:4      | Noticed Robin
  2947 | D:4      | Killed Robin
  3291 | D:4      | Found Cigiav's Weapon Boutique.
  3527 | D:4      | Found Elueq's Weapon Shop.
  3596 | D:5      | Entered Level 5 of the Dungeon
  3596 | D:5      | Noticed Menkaure
  3602 | D:5      | Killed Menkaure
  3603 | D:5      | Reached XP level 7. HP: 42/50 MP: 7/15
  4007 | D:5      | Noticed Grinder
  4019 | D:5      | Killed Grinder
  4020 | D:5      | Reached skill level 5 in Translocations
  4772 | D:5      | Noticed Sigmund
  4784 | D:5      | Killed Sigmund
  4785 | D:5      | Reached XP level 8. HP: 21/57 MP: 5/18
  5123 | D:5      | Learned a level 4 spell: Fulminant Prism
  5219 | D:6      | Found Plog's Antique Weapon Shop.
  5270 | D:6      | Found Sorhaar's Distillery.
  5286 | D:6      | Reached skill level 1 in Hexes
  5403 | D:6      | Mangled by a wight

Illustrated notes

Levels and vault maps discovered:
D:1:      shiori_arrival_whats_in_store_for_you, layout_rooms, serial_shops,
          nicolae_shop_behind_doors, minmay_crystal_room
D:2:      layout_basic, serial_shops, nicolae_shop_crystal, basic_altar,
          minmay_misc_feat_tiny, uniq_jessica
D:3:      layout_rooms, uniq_terence, uniq_crazy_yiuf_cottage
D:4:      layout_basic, minmay_temple_entry_arrows, serial_shops,
          kennysheep_mini_moat, nicolae_lakefront_shop, shop, shop,
          kennysheep_little_box, minmay_bisected, uniq_robin
D:5:      layout_basic, lemuel_crystal_altar, general_overflow_altar,
          minmay_misc_feat_five, chequers_mini_garden, uniq_grinder,
          uniq_sigmund, uniq_menkaure
D:6:      layout_loops_ring, lemuel_round_altar, ebering_ghost_sewer_d,
          serial_shops, shop_statue, nicolae_shop_bloodbath_and_beyond,
          nicolae_diamond_shop, shop, kennysheep_diamond

Skill      XL: |  1  2  3  4  5  6  7  8 |
---------------+-------------------------+-----
Spellcasting   | 2 3 4 |  4.9
Conjurations   | 4 5 6 |  6.6
Translocations | 1 2 3 4 5 6 |  6.5
Hexes          | 2 |  2.6
Dodging        | |  1.7
Stealth        | |  1.7

Action                   |  1- 3 |  4- 6 |  7- 9 || total
-------------------------+-------+-------+-------++-------
Melee: Unarmed           |    14 |    14 |       ||    28
       Falchion          |       |    19 |       ||    19
       Dagger            |       |       |    19 ||    19
 Cast: Magic Dart        |    42 |   101 |    25 ||   168
       Searing Ray       |     4 |    10 |     4 ||    18
       Iskenderun's Myst |       |     1 |    29 ||    30
  Use: Scroll            |     2 |     4 |       ||     6
       Potion            |       |     5 |       ||     5
Armor: Robe              |     3 |    11 |     4 ||    18
Dodge: Dodged            |    26 |    42 |    21 ||    89

Table legend: (Time is in decaauts)
 A = Elapsed time spent in this place.
 B = Non-inter-level travel time spent in this place.
 C = Inter-level travel time spent in this place.
 D = Time resting spent in this place.
 E = Time spent auto-exploring this place.
 F = Levels seen in this place.
 G = Mean time per level.
                   A        B        C        D        E       F      G
               +--------+--------+--------+--------+--------+-----+--------+
         Total |   5381 |   5197 |    184 |    848 |   3648 |   6 |  896.8 |
       Dungeon |   5381 |   5197 |    184 |    848 |   3648 |   6 |  896.8 |
               +--------+--------+--------+--------+--------+-----+--------+

Top non-repeatable levels by time:
     D:5: 1454 daAuts
     D:4: 1366 daAuts
     D:2: 1087 daAuts
     D:3: 718 daAuts
     D:1: 573 daAuts
     D:6: 182 daAuts
